 Dungeon Crawl Stone Soup version 0.31-a0-460-g9e667d4245 (webtiles) character file.

Game seed: 8050153266755848440

4 Xavori the Trooper (level 1, 18/18 (20) HPs)
             Began as a Djinni Chaos Knight on Aug 4, 2023.
             Was a Plaything of Xom.
             Quit the game on level 1 of the Dungeon.
             The game lasted 00:00:22 (3066 turns).

Xavori the Trooper (Djinni Chaos Knight)            Turns: 3066, Time: 00:00:22

HP:   18/18 (20)    AC:  7    Str: 11    XL:     1   Next: 66%
Gold: 0             EV: 11    Int: 13    God:    Xom [......] SH:  0 Dex: 12

rFire   + + .        a - +0 falchion (chaos)
rCold   x . .        (no shield)
rNeg    . . .        b - +2 leather armour
rPois   ∞            (no helmet)
rElec   .            (no cloak)
rCorr   .            (no gloves)
SInv    .            (boots unavailable)
Will    .....        (no amulet)
Stlth   +            (no ring)
HPRegen 0.23/turn    (no ring)
MPRegen 0.00/turn

%: no passive effects
@: flying, heavily drained
A: sickness immunity, fire resistance 2, cold vulnerability 1, float, innate
caster, HP casting, extra vitality 1, iridescent scales 1, deterioration 1, no
potion heal 1
a: Renounce Religion


You were on level 1 of the Dungeon.
You worshipped Xom.
You were a very special plaything of Xom.
You visited 1 branch of the dungeon, and saw 1 of its levels.

Inventory:

Hand Weapons
 a - a +0 falchion of chaos (weapon)
Armour
 b - a +2 leather armour (worn)
Scrolls
 c - a scroll of butterflies
 e - a scroll of enchant armour {unknown}
Potions
 d - 2 potions of berserk rage {unknown}
 f - 2 potions of lignification {unknown}


   Skills:
 + Level 3.0 Fighting
 + Level 2.6 Long Blades
 + Level 1.0 Armour
 + Level 2.1 Dodging You didn't know any spells. Your spell library was empty.

Dungeon Overview and Level Annotations

Branches:
Dungeon (1/15)

Altars:


Innate Abilities, Weirdness & Mutations

You are immune to sickness and miasma.
You are immune to poison.
Your flesh is very heat resistant. (rF++)
You are vulnerable to cold. (rC-)
You float through the air rather than walking.
You learn spells naturally, not from books.
Your magical power is your life essence.
You have superior vitality. (+4 MHP)
You are partially covered in iridescent scales. (AC +2)
Your body sometimes deteriorates upon taking damage.
Potions are less effective at restoring your health.


Message History

No target in view!
Unknown command.
No target in view!
Unknown command.
No target in view!
You start resting.
HP restored.
You start waiting.
Done waiting.
You start waiting.
Xom is getting BORED.
You start waiting.
You are now a BORING thing.
You start waiting. "Fight to survive, mortal."
You are now a very special plaything of Xom.
A kobold is nearby!
A kobold is nearby!
A kobold is nearby!
A kobold is nearby!
Found 6 gold pieces.
The kobold hits you but does no damage.
You see here a rat corpse.
You closely miss the kobold. The kobold closely misses you.
You hit the kobold. Lightning courses through the kobold!!
You kill the kobold!
The kobold's corpse disappears in a puff of smoke!
No target in view!
No target in view!
You start waiting.
Xom's power brushes against you for a moment.
Your body is suffused with distortional energy.
Iridescent scales grow over part of your body.
You feel yourself wasting away.
Your system partially rejects the healing effects of potions.
You start waiting.
Done waiting.
You start waiting.
You hear Xom's maniacal laughter.
A white imp is nearby!
Are you sure you want to abandon this character and quit the game? (Confirm with "yes".)

#........##...
#.............
#......$...#
#..........#
#....÷...###
#..........#
#.....÷....#
#####..5...#
#......@..#
#.........#
#............
#..............
..........$.....
.......$.....#..
.............. .
..............


You could see a white imp (summoned).

Vanquished Creatures
  A bat (D:1)
  2 ball pythons (D:1)
  A rat (D:1)
4 creatures vanquished.

Notes
Turn   | Place    | Note
-------+----------+-------------------------------------------
     0 | D:1      | Xavori the Djinni Chaos Knight began the quest for the Orb.
     0 | D:1      | Reached XP level 1. HP: 20/20 MP: 0/0
   167 | D:1      | XOM: divination: detect creatures
   283 | D:1      | XOM: silly message
   510 | D:1      | XOM: silly message
   566 | D:1      | XOM: silly message
   605 | D:1      | XOM: silly message
   666 | D:1      | XOM: silly message
   845 | D:1      | XOM: silly message
  1016 | D:1      | XOM: silly message
  1877 | D:1      | XOM: 1-stop teleportation journey
  1953 | D:1      | XOM is BORED!
  1953 | D:1      | XOM: draining
  2728 | D:1      | XOM: 1-stop teleportation journey
  2913 | D:1      | XOM is BORED!
  2913 | D:1      | XOM: summons 1 hostile shadow creature
  2961 | D:1      | XOM: give mutations
  2961 | D:1      | Gained mutation: You are partially covered in iridescent
                  | scales. (AC +2) [Xom's mischief]
  2961 | D:1      | Gained mutation: Your body sometimes deteriorates upon
                  | taking damage. [Xom's mischief]
  2961 | D:1      | Gained mutation: Potions are less effective at restoring
                  | your health. [Xom's mischief]
  3065 | D:1      | XOM: summons 1 hostile demon
  3066 | D:1      | Quit the game

Illustrated notes

Levels and vault maps discovered:
D:1:      dpeg_arrival_simpleton_c, layout_basic, minmay_pentomino_v2

Action                     || total
---------------------------++-------
  Melee: Falchion          ||    13
 Armour: Leather armour    ||     9
  Dodge: Dodged            ||    17

Table legend: (Time is in decaauts)
 A = Elapsed time spent in this place.
 B = Non-inter-level travel time spent in this place.
 C = Inter-level travel time spent in this place.
 D = Time resting spent in this place.
 E = Time spent auto-exploring this place.
 F = Levels seen in this place.
 G = Mean time per level.
                   A        B        C        D        E       F      G
               +--------+--------+--------+--------+--------+-----+--------+
         Total |   3068 |   3068 |      0 |   2994 |     44 |   1 | 3068.0 |
       Dungeon |   3068 |   3068 |      0 |   2994 |     44 |   1 | 3068.0 |
               +--------+--------+--------+--------+--------+-----+--------+

Top non-repeatable levels by time:
     D:1: 3068 daAuts
